 Dungeon Crawl Stone Soup version 0.21.1-1-g345015f (webtiles) character file.

25 snrub the Vandal (level 3, -3/24 HPs)
             Began as a Halfling Hunter on June 2, 2018.
             Was an Initiate of Wu Jian.
             Slain by a gnoll (4 damage)
             ... on level 2 of the Dungeon on July 27, 2018.
             The game lasted 00:10:47 (999 turns).

snrub the Vandal (Halfling Hunter)                   Turns: 999, Time: 00:10:48

Health: -3/24      AC:  3    Str: 13    XL:     3   Next: 17%
Magic:  3/3        EV: 14    Int:  9    God:    Wu Jian [......]
Gold:   20         SH:  0    Dex: 15    Spells: 2/2 levels left

rFire    . . .     SeeInvis .   b - +0 short sword
rCold    . . .     Gourm    .   (shield restricted)
rNeg     . . .     Faith    .   c - +0 leather armour
rPois    .         Spirit   .   (no helmet)
rElec    .         Reflect  .   (no cloak)
rCorr    .         Harm     .   (no gloves)
MR       .....                  (no boots)
Stlth    ++........             (no amulet)
HPRegen  0.08/turn              (no ring)
MPRegen  0.08/turn              (no ring)

@: no status effects
A: small, mutation resistance 1
a: Renounce Religion


You were on level 2 of the Dungeon.
You worshipped Wu Jian.
Wu Jian was noncommittal.
You were not hungry.

You visited 1 branch of the dungeon, and saw 2 of its levels.

You collected 20 gold pieces.

Inventory:

Hand Weapons
 a - a +1 hunting sling
 b - a +0 short sword (weapon)
Missiles
 d - 14 sling bullets (quivered)
 e - 43 stones
 n - 27 bolts
Armour
 c - a +0 leather armour (worn)
Scrolls
 g - 2 scrolls of immolation {unknown}
 h - a scroll of teleportation {unknown}
 i - 2 scrolls of blinking
 q - a scroll of noise {unknown}
Potions
 j - a potion of might {unknown}
 k - 2 potions of cancellation {unknown}
 l - a potion of heal wounds {unknown}
 m - 2 potions of mutation {unknown}
 p - a potion of degeneration {unknown}
Comestibles
 f - a ration
 o - a chunk of flesh


   Skills:
 + Level 2.1 Fighting
 + Level 6.8 Slings
 + Level 0.4 Armour
 + Level 2.1 Dodging
 + Level 1.1 Stealth


You had 2 spell levels left.
You didn't know any spells.

Dungeon Overview and Level Annotations

Branches:
Dungeon (2/15)

Altars:
Wu Jian


Innate Abilities, Weirdness & Mutations

You are small and have problems with some larger weapons.
You are somewhat resistant to further mutation.


Message History

The gnoll barely misses you.
You hit the gnoll but do no damage.
The gnoll is moderately wounded.
The gnoll misses you. The gnoll hits you with a club!
You hit the gnoll but do no damage.
The gnoll is moderately wounded.
The gnoll misses you. The gnoll barely misses you.
You closely miss the gnoll.
The gnoll is moderately wounded.
The gnoll barely misses you. The gnoll closely misses you.
You hit the gnoll.
The gnoll is heavily wounded.
The gnoll completely misses you. The gnoll hits you with a club.
The gnoll hits you.
A gnoll comes into view. It is wielding a flail.
The gnoll moves out of view.
The gnoll barely misses you. x2
The gnoll hits you with a club!
* * * LOW HITPOINT WARNING * * *
The gnoll hits you.
You die...

######## #.......
#.###'## # #.# #.# ###.
#.###.## ....#######
#.'.._.. #........
#.###### ####.##..### #.#
###
#.......@..#######.######
......#gg#.##............
..... ##.#.##.#####<..#..
#... ..#.##.#####......
#.. ####.......####.###
#. ###........# #... #
........)...# #####
####..#.....#
#..##....#######


You could see 2 gnolls.

Vanquished Creatures
  A leopard gecko (D:1)
  5 giant cockroaches
  A goblin (D:1)
  4 hobgoblins (D:1)
  2 jackals (D:1)
  A kobold (D:1)
  2 bats
  3 frilled lizards (D:1)
  2 rats
21 creatures vanquished.

Notes
Turn   | Place    | Note
-------+----------+-------------------------------------------
     0 | D:1      | snrub the Halfling Hunter began the quest for the Orb.
     0 | D:1      | Reached XP level 1. HP: 14/14 MP: 1/1
    56 | D:1      | Reached skill level 6 in Slings
    99 | D:1      | Reached XP level 2. HP: 19/19 MP: 2/2
   394 | D:1      | Reached XP level 3. HP: 24/24 MP: 3/3
   799 | D:2      | Found an ornate altar of the Wu Jian Council.
   823 | D:2      | Became a worshipper of the Wu Jian Council
   999 | D:2      | HP: 1/24 [gnoll/club (8)]
   999 | D:2      | Slain by a gnoll

Skill      XL: |  1 |
---------------+----+-----
Slings         | 6 |  6.8
Fighting       | 2 |  2.1
Armour         | |  0.4
Dodging        | |  2.1
Stealth        | |  1.1

Action                   || total
-------------------------++-------
Melee: Short sword       ||    35
       Hunting sling     ||     1
 Fire: Hunting sling     ||    34
  Use: Scroll            ||     1
Armor: Leather armour    ||     9
Dodge: Dodged            ||    45
